 Dungeon Crawl Stone Soup version 0.23.2-30-g0e89c35649 (webtiles) character file.

Game seed: 6466873066223863812

207 funkygono the Skirmisher (level 6, -5/49 HPs)
             Began as a Formicid Abyssal Knight on June 17, 2019.
             Was a Believer of Lugonu.
             Slain by a gnoll
             ... wielding a +0 halberd
              (15 damage)
             ... on level 3 of the Dungeon.
             The game lasted 00:06:35 (2627 turns).

funkygono the Skirmisher (Formicid Abyssal Knight)  Turns: 2627, Time: 00:06:36

Health: -5/49      AC:  4    Str: 24    XL:     6   Next: 10%
Magic:  7/7        EV: 12    Int: 11    God:    Lugonu [**....]
Gold:   109        SH:  4    Dex: 10    Spells: 5/5 levels left

rFire    + . .     SeeInvis +   a - +1 mace
rCold    + . .     Gourm    .   e - +0 buckler
rNeg     + . .     Faith    .   b - +0 leather armour
rPois    +         Spirit   .   (helmet unavailable)
rElec    +         Reflect  .   (no cloak)
rCorr    +         Harm     .   i - +0 pair of gloves
MR       .....                  (no boots)
Stlth    +.........             (no amulet)
HPRegen  0.16/turn              k - ring of positive energy
MPRegen  0.10/turn              (no ring)

@: mighty, resistant
A: permanent stasis, dig shafts and tunnels, four strong arms, antennae 3
a: Dig, Shaft Self, Depart the Abyss, Bend Space, Renounce Religion


You were on level 3 of the Dungeon.
You worshipped Lugonu.
Lugonu was pleased with you.
You were not hungry.

You visited 1 branch of the dungeon, and saw 3 of its levels.
You visited the Abyss 1 time.

You collected 109 gold pieces.

Inventory:

Hand Weapons
 a - a +1 mace (weapon)
Missiles
 f - 226 stones (quivered)
 l - 67 sling bullets
Armour
 b - a +0 leather armour (worn)
 e - a +0 buckler (worn)
 i - a +0 pair of gloves (worn)
Jewellery
 k - a ring of positive energy (left hand)
 m - an uncursed ring of protection from fire {unknown}
Scrolls
 d - 7 scrolls of remove curse
Potions
 h - 2 potions of lignification
 n - a potion of resistance
 o - a potion of curing {unknown}
 p - a potion of cancellation {unknown}
Comestibles
 c - 7 rations


   Skills:
 * Level 4.5 Fighting
 + Level 3.5 Maces & Flails
 * Level 3.0 Armour
 + Level 1.9 Dodging
 + Level 0.3 Stealth
 * Level 2.2 Shields
 + Level 2.2 Invocations


You had 5 spell levels left.
You didn't know any spells.
Your spell library contained the following spells:

 Spells                   Type           Power        Failure   Level  Hunger
 Sting                    Conj/Pois      #...         38%         1    ##.....
 Poisonous Vapours        Pois/Air       #.....       52%         2    ###....
 Mephitic Cloud           Conj/Pois/Air  #.......     77%         3    ####...
 Olgreb's Toxic Radiance  Pois           #.......     99%         4    #####..
 Venom Bolt               Conj/Pois      #.........   100%        5    ######.


Dungeon Overview and Level Annotations

Branches:
Dungeon (3/15)

Altars:


Innate Abilities, Weirdness & Mutations

You cannot be hasted, slowed, berserked, paralysed or teleported.
You can dig through walls and to a lower floor.
Your four strong arms can wield two-handed weapons with a shield.
You have a pair of large antennae on your head. (SInv)


Message History

The gnoll is heavily wounded.
The gnoll hits you with a +0 club.
* * * LOW HITPOINT WARNING * * *
The gnoll closely misses you.
You hit the gnoll.
The gnoll is severely wounded.
The gnoll barely misses you. The gnoll hits you but does no damage.
You feel protected. The gnoll hits you with a +0 club.
* * * LOW HITPOINT WARNING * * *
The gnoll closely misses you.
It was a potion of might.
You feel very mighty all of a sudden. The gnoll completely misses you.
You block the gnoll's attack.
You sock the gnoll!
You kill the gnoll!
Lugonu accepts your kill. The gnoll barely misses you.
You barely miss the gnoll. The gnoll hits you with a +0 halberd!
You die...

#............#
##.##.##.##### {
#.......# ###..#### ###
#.## #(. #.# #.# ##.##
#.# #...# #.# #...# #@#
#...# #g####
#####...##### #g#?.
##...........###)#.# ##.
................[#.#..$..
##..........<#.....[.#
.#####...#####.###.#.# ##
#...# #.# ... # #...# #.#
.#.#


You could see 2 gnolls.

Vanquished Creatures
  An ogre (D:2)
  2 gnolls (D:3)
  3 adders
  An ooze (D:3)
  A worm (D:2)
  3 leopard geckos
  2 orcs (D:3)
  A ball python (D:1)
  2 giant cockroaches
  10 hobgoblins
  4 jackals
  11 kobolds
  3 quokkas
  3 bats
  2 frilled lizards
  5 goblins
  6 rats
60 creatures vanquished.

Notes
Turn   | Place    | Note
-------+----------+-------------------------------------------
     0 | Abyss:1  | funkygono the Formicid Abyssal Knight began the quest for
                  | the Orb.
     0 | Abyss:1  | Reached XP level 1. HP: 18/18 MP: 2/2
    71 | Abyss:1  | Noticed a chaos spawn
   122 | D:1      | Escaped the Abyss
   356 | D:1      | Reached * piety under Lugonu
   356 | D:1      | Reached XP level 2. HP: 23/24 MP: 3/3
  1121 | D:2      | Reached skill level 4 in Fighting
  1142 | D:2      | Reached XP level 3. HP: 28/30 MP: 4/4
  1191 | D:2      | Reached skill level 1 in Dodging
  1223 | D:2      | Reached skill level 1 in Shields
  1314 | D:2      | Reached XP level 4. HP: 28/37 MP: 5/5
  1324 | D:2      | Noticed an ogre
  1395 | D:2      | Reached ** piety under Lugonu
  1554 | D:2      | Killed an ogre
  1554 | D:2      | Reached XP level 5. HP: 23/43 MP: 6/6
  2614 | D:3      | Reached XP level 6. HP: 39/49 MP: 7/7
  2627 | D:3      | Slain by a gnoll

Skill      XL: |  1  2  3  4 |
---------------+-------------+-----
Fighting       | 4 |  4.5
Dodging        | 1 |  1.9
Shields        | 1 2 |  2.2
Maces & Flails | 3 |  3.5
Armour         | 3 |  3.0
Stealth        | |  0.3
Invocations    | |  2.2

Action                   |  1- 3 |  4- 6 || total
-------------------------+-------+-------++-------
Melee: Mace              |    72 |   141 ||   213
Invok: Depart the Abyss  |     1 |       ||     1
  Use: Scroll            |     5 |     1 ||     6
       Potion            |       |     2 ||     2
 Stab: Sleeping          |       |     1 ||     1
  Eat: Chunk             |     1 |     5 ||     6
Armor: Leather armour    |    27 |    28 ||    55
Dodge: Dodged            |    45 |   112 ||   157
Block: Buckler           |    20 |    25 ||    45
